 Dungeon Crawl Stone Soup version 0.22-a0-402-ga933591 (webtiles) character file.

30 Kairos the Shield-Bearer (level 3, 19/19 HPs)
             Began as a Vine Stalker Fighter on May 7, 2018.
             Quit the game on level 1 of the Dungeon.
             The game lasted 00:00:51 (551 turns).

Kairos the Shield-Bearer (Vine Stalker Fighter)      Turns: 551, Time: 00:00:51

Health: 19/19      AC:  6    Str: 19    XL:     3   Next: 18%
Magic:  4/4        EV:  7    Int:  8    God:
Gold:   16         SH:  9    Dex: 13    Spells: 2/2 levels left

rFire    . . .     SeeInvis .   a - +0 war axe
rCold    . . .     Gourm    .   c - +0 shield
rNeg     . . .     Faith    .   b - +0 scale mail
rPois    .         Spirit   +   (no helmet)
rElec    .         Reflect  .   (no cloak)
rCorr    .         Harm     .   (no gloves)
MR       .....                  (no boots)
Stlth    ..........             (no amulet)
HPRegen  0.06/turn              (no ring)
MPRegen  0.09/turn              (no ring)

@: no status effects
A: fangs 2, magic shield, antimagic bite, no potion heal 3, rot immunity
a: no special abilities


You were on level 1 of the Dungeon.
You were not hungry.

You visited 1 branch of the dungeon, and saw 1 of its levels.

You collected 16 gold pieces.

Inventory:

Hand Weapons
 a - a +0 war axe (weapon)
Armour
 b - a +0 scale mail (worn)
 c - a +0 shield (worn)
Scrolls
 h - a scroll of identify
Potions
 d - a potion of might
 g - a potion of magic
Comestibles
 f - a ration


   Skills:
 + Level 2.9 Fighting
 + Level 2.0 Axes
 + Level 2.8 Armour
 + Level 0.1 Dodging
 + Level 3.0 Shields


You had 2 spell levels left.
You didn't know any spells.

Dungeon Overview and Level Annotations

Branches:
Dungeon (1/15)

Altars:


Innate Abilities, Weirdness & Mutations

You have extremely sharp teeth.
When hurt, damage is shared between your health and your magic reserves.
Your bite disrupts and absorbs the magic of your enemies.
Potions cannot restore your health.
You are immune to rotting.


Message History

The hobgoblin hits you but does no damage.
You block the hobgoblin's attack.
You hit the hobgoblin.
You kill the hobgoblin!
No target in view!
No target in view!
No target in view!
No target in view!
No target in view!
You see here a club.
Done exploring.
Done exploring.
Done exploring.
No target in view!
As you read the scroll labeled LEGIOX BYUMUWK, it crumbles to dust.
You feel blessed for a moment.
It was a scroll of remove curse.
As you read the scroll labeled ZUGOVI YJYWN, it crumbles to dust.
It is a scroll of identify.
g - a potion of magic Are you sure you want to abandon this character and quit the game? (Confirm with "yes".)

### #.####### #.......#
#.#####.####### #.#...#.......#
#.#..########.# #.#..#######..#
#.#.@.........# #.#.########..# #
#######.#.#.....##..# #
#.......#.#.###.##..# #
#.#######.#.#...##..####### # #.#
#.#.######......... ####
#.#######.#.#....#.########
...####.#....##.#.#.##.#...#.####
....................)............


There were no monsters in sight!

Vanquished Creatures
  3 dart slugs (D:1)
  A goblin (D:1)
  3 hobgoblins (D:1)
  2 jackals (D:1)
  6 kobolds (D:1)
  4 bats (D:1)
  3 frilled lizards (D:1)
  A rat (D:1)
23 creatures vanquished.

Notes
Turn   | Place    | Note
-------+----------+-------------------------------------------
     0 | D:1      | Kairos the Vine Stalker Fighter began the quest for the Orb.
     0 | D:1      | Reached XP level 1. HP: 11/11 MP: 2/2
    32 | D:1      | Reached XP level 2. HP: 14/16 MP: 3/3
   315 | D:1      | Reached skill level 3 in Shields
   368 | D:1      | Reached XP level 3. HP: 16/19 MP: 2/4
   551 | D:1      | Quit the game

Vault maps used:
D:1:      saegor_arrival_miasma

Skill      XL: |  1  2 |
---------------+-------+-----
Axes           | 2 |  2.0
Shields        | 3 |  3.0
Fighting       | |  2.9
Armour         | |  2.8
Dodging        | |  0.1

Action                   || total
-------------------------++-------
Melee: War axe           ||    57
       Bite              ||    16
  Use: Scroll            ||     2
Armor: Scale mail        ||    41
Dodge: Dodged            ||    23
Block: Shield            ||    31

Table legend:
 A = Spawn XP
 B = Non-spawn XP
 C = Spawn XP percentage of total XP
 D = Spawn monster count
 E = Non-spawn monster count
 F = Spawn count percentage of total count
 G = Total turns spent on level
                    A         B        C        D         E        F      G
               +---------+---------+-------+---------+---------+-------+---------
         Total |       0 |      43 |   0.0 |       0 |      23 |   0.0 |   551
               +---------+---------+-------+---------+---------+-------+---------
           D:1 |       0 |      43 |   0.0 |       0 |      23 |   0.0 |   551
               +---------+---------+-------+---------+---------+-------+---------
